 Dungeon Crawl Stone Soup version 0.13-a0-2202-g857913d (webtiles) character file.

216 Bruce the Charmwright (level 3, 0/24 HPs)
             Began as a High Elf Skald on July 2, 2013.
             Slain by a worker ant (6 damage)
             ... on Level 4 of the Dungeon.
             The game lasted 00:05:42 (1404 turns).

Bruce the Charmwright (High Elf Skald)              Turns: 1404, Time: 00:05:42

HP   0/24        AC  3     Str 11      XL: 3   Next: 76%
MP   2/8         EV 12     Int 16      God:
Gold 158         SH  0     Dex 15      Spells:  3 memorised,  3 levels left

Res.Fire  : . . .   See Invis. : .   a - +0 elf short sword
Res.Cold  : . . .   Warding    : .   b - +0 elf leather armour
Life Prot.: . . .   Conserve   : .   (no shield)
Res.Poison: .       Res.Corr.  : .   (no helmet)
Res.Elec. : .       Clarity    : .   (no cloak)
Sust.Abil.: . .     Spirit.Shd : .   (no gloves)
Res.Mut.  : .       Stasis     : .   (no boots)
Res.Rott. : .       Flight     : .   (no amulet)
Saprovore : . . .                    (no ring)
                                     (no ring)

@: slightly resistant to hostile enchantments, unstealthy
A: no striking features
a: no special abilities


You were on level 4 of the Dungeon.
You were not hungry.

You visited 1 branch of the dungeon, and saw 4 of its levels.

You collected 138 gold pieces.

Inventory:

Hand weapons
 a - a +0,+0 elven short sword (weapon)
Missiles
 t - 2 throwing nets (quivered)
 u - a poisoned dart
Armour
 b - a +0 elven leather armour (worn)
Magical devices
 s - a wand of polymorph (3)
Comestibles
 d - a bread ration
 h - an apple
 w - a chunk of bat flesh
Scrolls
 e - 4 scrolls of identify {unknown}
 f - 2 scrolls of teleportation {unknown}
 g - a scroll of remove curse {unknown}
 i - a scroll of magic mapping {unknown}
 k - a scroll of enchant weapon I {unknown}
 o - a scroll of noise {unknown}
 p - a scroll of amnesia {unknown}
 r - a scroll of recharging {unknown}
Potions
 j - a potion of flight {unknown}
 l - 2 potions of heal wounds {unknown}
 m - 2 potions of curing {unknown}
 n - a potion of might {unknown}
 q - a potion of blood {unknown}
 x - a potion of cure mutation {unknown}
Books
 c - a book of Battle

   Spells                             Type                      Level
   *Infusion                          Charms                       1
   Shroud of Golubria                 Charms/Translocation         2
   *Song of Slaying                   Charms                       2
   Spectral Weapon                    Hexes/Charms                 3
   *Regeneration                      Charms/Necromancy            3
   Song of Shielding                  Charms                       5


   Skills:
 - Level 2.0 Fighting
 - Level 2.4 Short Blades
 - Level 0.8 Armour
 + Level 2.9 Dodging
 + Level 3.6 Spellcasting
 - Level 3.6 Charms


You had 3 spell levels left.
You knew the following spells:

 Your Spells              Type           Power        Failure   Level  Hunger
a - Infusion              Chrm           ##....       4%          1    None
b - Song of Slaying       Chrm           ##........   8%          2    ##.....
R - Regeneration          Chrm/Necr      #.........   28%         3    ###....


Dungeon Overview and Level Annotations

Branches:
Dungeon (4/27)
 Temple: D:4-7

Altars:
the Shining One


Message History

The rat bites you. The rat bites you but does no damage.
The rat bites you but does no damage.
The worker ant waves its antennae.
The rat misses you. The rat barely misses you.
Your skin stops crawling.
The rat bites you. The rat closely misses you. The rat misses you.
Found a pear.
The worker ant waves its antennae.
The rat completely misses you. The worker ant barely misses you.
You hear the slow rusting of a drain, a long way away.
The worker ant bites you!
* * * LOW HITPOINT WARNING * * *
There is a stone staircase leading up here.
The worker ant bites you.
You die...

#.# #.$# #.# #.#
#..#####.#######
###o######..#....o...%...
#......#.(...............
#......#.#..#...K.#######
#......#.#..###o#r#
#......#.#..# #.#.#
#..>...#.#..###.#.#
#.......@aoroK..o.#
#........................
#...............###.....
#.o.....................
#...............### ####
###.###.........# #.#
#.........#
#.###.........#
#..............


You could see a worker ant, an orc wizard, 3 orcs, a kobold and a rat.

Vanquished Creatures
  2 adders
  An ooze (D:1)
  2 orcs (D:3)
  7 goblins
  A hobgoblin (D:1)
  2 jackals (D:1)
  A quokka (D:4)
  8 bats
  4 giant newts
  5 kobolds
  9 rats
42 creatures vanquished.

Vanquished Creatures (others)
  A kobold (D:1)
1 creature vanquished.

Grand Total: 43 creatures vanquished

Notes
Turn   | Place    | Note
--------------------------------------------------------------
     0 | D:1      | Bruce, the High Elf Skald, began the quest for the Orb.
     0 | D:1      | Reached XP level 1. HP: 14/14 MP: 3/3
   132 | D:1      | Reached XP level 2. HP: 1/19 MP: 1/5
   276 | D:1      | Learned a level 2 spell: Song of Slaying
   667 | D:2      | Reached XP level 3. HP: 3/24 MP: 0/8
   804 | D:2      | Learned a level 3 spell: Regeneration
  1342 | D:4      | Found a glowing golden altar of the Shining One.
  1404 | D:4      | Slain by a worker ant

Action                   || total
-------------------------++-------
Melee: Short sword       ||   118
 Cast: Infusion          ||    20
       Song of Slaying   ||     2
       Regeneration      ||     7
Evoke: Wand              ||     4
